 Dungeon Crawl Stone Soup version 0.25.1-1-g288607f5aa (webtiles) character file.

Game seed: 11999452972702381269

132 DerDa the Firebug (level 4, -1/30 HPs)
             Began as a Demonspawn Fire Elementalist on July 28, 2020.
             Engulfed by Ijyb's poison gas (3 damage)
             ... on level 3 of the Dungeon.
             The game lasted 00:05:21 (2364 turns).

DerDa the Firebug (Demonspawn Fire Elementalist)    Turns: 2364, Time: 00:05:22

Health: -1/30      AC:  4    Str:  9    XL:     4   Next: 92%
Magic:  5/8        EV: 12    Int: 17    God:
Gold:   122        SH:  0    Dex: 13    Spells: 5/9 levels left

rFire    . . .     SeeInvis .   d - +0 dagger (curse)
rCold    . . .     Gourm    .   (no shield)
rNeg     . . .     Faith    .   a - +0 robe
rPois    .         Spirit   .   (no helmet)
rElec    .         Reflect  .   (no cloak)
rCorr    .         Harm     .   (no gloves)
MR       .....                  (no boots)
Stlth    ++........             (no amulet)
HPRegen  0.10/turn              (no ring)
MPRegen  0.11/turn              (no ring)

@: lethally poisoned (-1 -> -70)
A: slimy green scales 1, demonic guardian 1
a: no special abilities


You were on level 3 of the Dungeon.
You were not hungry.

You visited 1 branch of the dungeon, and saw 3 of its levels.

You collected 122 gold pieces.

Inventory:

Hand Weapons
 b - a +0 dagger
 d - a cursed +0 dagger (weapon)
Armour
 a - a +0 robe (worn)
Wands
 o - a wand of disintegration (17)
Scrolls
 f - a scroll of immolation {unknown}
 g - 3 scrolls of identify {unknown}
 h - a scroll of remove curse {unknown}
 i - 2 scrolls of blinking {unknown}
 l - a scroll of teleportation {unknown}
 m - a scroll of enchant weapon {unknown}
 n - a scroll of magic mapping {unknown}
 q - a scroll of enchant armour {unknown}
Potions
 k - a potion of curing {unknown}
 p - a potion of experience {unknown}
Comestibles
 c - 3 rations


   Skills:
 - Level 1.7 Dodging
 - Level 1.7 Stealth
 * Level 3.1 Spellcasting
 * Level 2.7 Conjurations
 * Level 3.7 Fire Magic


You had 5 spell levels left.
You knew the following spells:

 Your Spells              Type           Power        Failure   Level  Hunger
a - Foxfire               Conj/Fire      ##..         4%          1    None
b - Conjure Flame         Conj/Fire      ##......     14%         3    ###....

Your spell library contained the following spells:

 Spells                   Type           Power        Failure   Level  Hunger
 Inner Flame              Hex/Fire       #.......     24%         3    ###....
 Sticky Flame             Conj/Fire      ##......     41%         4    ####...
 Fireball                 Conj/Fire      ##........   77%         5    ######.


Dungeon Overview and Level Annotations

Branches:
Dungeon (3/15)

Altars:
Cheibriados

Annotations:
D:3 Ijyb


Innate Abilities, Weirdness & Mutations

You are partially covered in slimy green scales. (AC +2)
A weak demonic guardian rushes to your aid.


Message History

Casting: Foxfire (safe; 4% risk of failure)
Confirm with . or Enter, or press ? or * to list all spells.
You conjure some foxfire!
You are engulfed in poison gas.
You are more poisoned.
* * * LOW HITPOINT WARNING * * *
You feel very sick.
Unknown command.
It was a potion of cancellation.
You feel magically purged.
You are engulfed in poison gas.
You are more poisoned.
* * * LOW HITPOINT WARNING * * *
x2 You feel very sick.
The foxfire hits Ijyb but does no damage.
Ijyb is lightly wounded.
The foxfire hits Ijyb but does no damage.
Ijyb is lightly wounded.
Ijyb is engulfed in poison gas.
Ijyb is poisoned.
Your iron imp hits Ijyb.
You are engulfed in poison gas.
You are more poisoned.
You die...

.....{............##.##.# #.#
......###§...>....##.##.# #.#
..5...# #.........##.##.# #.#
......###.).......##.##.#####.###
......#.§.5.......##.##.........#
......#.####'#######.############
######.......................
#.........#####.########
#.........#@§§..#####
+....5....#g§........#
#.....g...#§5#..####.#
#.........#§.#.....
#.........#..##.##.#
#######.#.#..##.## #
#.#§#......#. #.#........).#
#.####.#######


You could see Ijyb (poisoned) and a friendly iron imp (summoned).

Vanquished Creatures
  An orc wizard (D:3)
  2 adders
  3 gnolls (D:2)
  A worm (D:3)
  3 dart slugs
  4 leopard geckos
  A giant cockroach (D:1)
  4 goblins
  2 hobgoblins
  A jackal (D:3)
  A quokka (D:3)
  2 ball pythons
  5 bats (D:1)
  2 frilled lizards (D:1)
  A kobold (D:1)
  2 rats (D:1)
35 creatures vanquished.

Vanquished Creatures (collateral kills)
  An orc wizard (D:3)
  An orc (D:3)
2 creatures vanquished.

Vanquished Creatures (others)
  119 foxfires
119 creatures vanquished.

Grand Total: 156 creatures vanquished

Notes
Turn   | Place    | Note
-------+----------+-------------------------------------------
     0 | D:1      | DerDa the Demonspawn Fire Elementalist began the quest for
                  | the Orb.
     0 | D:1      | Reached XP level 1. HP: 13/13 MP: 3/3
   340 | D:1      | Gained mutation: You are partially covered in slimy green
                  | scales. (AC +2) [demonic ancestry]
   340 | D:1      | Reached XP level 2. HP: 19/19 MP: 3/5
  1316 | D:2      | Reached XP level 3. HP: 19/24 MP: 0/6
  1324 | D:2      | Learned a level 3 spell: Conjure Flame
  1406 | D:2      | Found a snail-covered altar of Cheibriados.
  1540 | D:2      | Gained mutation: A weak demonic guardian rushes to your
                  | aid. [demonic ancestry]
  1540 | D:2      | Reached XP level 4. HP: 17/30 MP: 0/8
  2117 | D:3      | Noticed Ijyb
  2364 | D:3      | Engulfed by Ijyb's poison gas

Illustrated notes

Levels and vault maps discovered:
D:1:      ncdulo_wetmaze, layout_basic
D:2:      layout_rooms, cheibriados_altar_1
D:3:      layout_basic, uniq_ijyb, uniq_grinder, uniq_crazy_yiuf_cottage

Skill      XL: |  1  2  3  4 |
---------------+-------------+-----
Fire Magic     | 3 |  3.7
Conjurations   | 2 |  2.7
Spellcasting   | 3 |  3.1
Dodging        | |  1.7
Stealth        | |  1.7

Action                   |  1- 3 |  4- 6 || total
-------------------------+-------+-------++-------
Melee: Dagger            |    34 |       ||    34
 Cast: Foxfire           |    47 |    28 ||    75
  Use: Potion            |       |     1 ||     1
  Eat: Chunk             |     2 |     3 ||     5
Armor: Robe              |    11 |     2 ||    13
Dodge: Dodged            |    32 |     2 ||    34
